 Dungeon Crawl Stone Soup version 0.22-a0-246-gdc04c06 (webtiles) character file.

65035 wolfsongas the Protected (level 15, -5/128 HPs)
             Began as a Gnoll Wanderer on Feb 23, 2018.
             Was an Initiate of Gozag.
             Killed from afar by a ynoxinul (29 damage)
             ... with an iron shot
             ... on level 1 of the Abyss.
             The game lasted 00:56:01 (23276 turns).

wolfsongas the Protected (Gnoll Wanderer)          Turns: 23276, Time: 00:56:01

Health: -5/128     AC: 35    Str: 19    XL:     15   Next: 15%
Magic:  28/28      EV: 13    Int: 18    God:    Gozag
Gold:   2572       SH:  2    Dex: 23    Spells: 33/33 levels left

rFire    . . .     SeeInvis +   l - +6 executioner's axe
rCold    . . .     Gourm    .   (shield currently unavailable)
rNeg     . . .     Faith    .   I - +2 crystal plate armour
rPois    +         Spirit   .   M - +1 helmet {SInv}
rElec    +         Reflect  +   v - +2 cloak {rPois}
rCorr    .         Harm     .   w - +2 pair of gloves
MR       +++..                  z - +1 pair of boots of the Komodo Dragon {rElec}
Stlth    ..........             m - +2 amulet of reflection
HPRegen  0.31/turn              L - ring "Qatut" {Int+3 Dex+4 Slay+2}
MPRegen  0.21/turn              j - ring of Yesterday {rPois MR++ Int-2}

@: agile, flying, very slightly contaminated, invisible
A: distributed training, claws 1, fangs 1, poison resistance, robust 1, wild
magic 1, evolution 1, strong nose
a: Potion Petition, Call Merchant, Bribe Branch, Renounce Religion


You were on level 1 of the Abyss.
You worshipped Gozag.
Gozag was most pleased with you.
You were not hungry.

You visited 3 branches of the dungeon, and saw 19 of its levels.
You visited the Abyss 1 time.
You also visited: Labyrinth.

You collected 5864 gold pieces.
You spent 204 gold pieces at shops.
You paid 3088 gold pieces to Gozag.

Inventory:

Hand Weapons
 l - a +6 executioner's axe (weapon)
 u - the +9 heavy crossbow "Sniper" {velocity, Acc+∞ SInv}
   (You found it on level 5 of the Lair of Beasts)

   Any bolt fired from it inflicts extra damage.
   It lets you see invisible.
Missiles
 q - 340 arrows
Armour
 v - a +2 cloak of poison resistance (worn)
 w - a +2 pair of gloves (worn)
 z - the +1 pair of boots of the Komodo Dragon (worn) {rElec}
   (You found it on level 10 of the Dungeon)

   It insulates you from electricity.
 I - a +2 crystal plate armour (worn)
 M - a +1 helmet of see invisible (worn)
Jewellery
 j - the ring of Yesterday (right hand) {rPois MR++ Int-2}
   (You took it off a minotaur in a labyrinth)

   [ring of intelligence]

   It affects your intelligence (-2).
   It protects you from poison.
   It affects your resistance to hostile enchantments.
 m - a +2 amulet of reflection (around neck)
 n - an uncursed ring of protection from fire
 J - an uncursed ring of protection from cold
 L - the ring "Qatut" (left hand) {Int+3 Dex+4 Slay+2}
   (You found it in a labyrinth)

   [ring of intelligence]

   It affects your intelligence (+3).
   It affects your dexterity (+4).
   It affects your accuracy and damage with ranged weapons and melee attacks
   (+2).
Wands
 e - a wand of clouds (6)
 k - a wand of flame (48)
 o - a wand of polymorph (17)
 x - a wand of acid (15)
Scrolls
 h - 2 scrolls of magic mapping
 i - 2 scrolls of identify
 r - 3 scrolls of remove curse
 D - 2 scrolls of silence
Potions
 a - 2 potions of curing
 b - 2 potions of flight
 g - a potion of might
 p - a potion of cancellation
 s - a potion of berserk rage
 E - 2 potions of magic
Miscellaneous
 A - a box of beasts
 B - a sack of spiders
Comestibles
 f - 19 rations


   Skills:
 + Level 10.6 Fighting
 + Level 9.6 Short Blades
 + Level 9.6 Long Blades
 + Level 9.6 Axes
 + Level 9.6 Maces & Flails
 + Level 9.6 Polearms
 + Level 9.6 Staves
 + Level 9.6 Slings
 + Level 11.5 Bows
 + Level 9.6 Crossbows
 + Level 10.0 Throwing
 + Level 11.5 Armour
 + Level 9.6 Dodging
 + Level 10.0 Stealth
 + Level 9.6 Shields
 + Level 9.6 Unarmed Combat
 + Level 9.6 Spellcasting
 + Level 8.1 Conjurations
 + Level 8.1 Hexes
 + Level 8.1 Charms
 + Level 8.1 Summonings
 + Level 8.1 Necromancy
 + Level 8.1 Translocations
 + Level 8.1 Transmutations
 + Level 8.1 Fire Magic
 + Level 8.1 Ice Magic
 + Level 8.1 Air Magic
 + Level 8.1 Earth Magic
 + Level 8.1 Poison Magic
 + Level 10.5 Invocations
 + Level 9.6 Evocations


You had 33 spell levels left.
You didn't know any spells.

Dungeon Overview and Level Annotations

Branches:
Dungeon (12/15)            Temple (1/1) D:5            Lair (6/6) D:9
 Shoals (0/4) Lair:2       Spider (0/4) Lair:4        Slime (0/5) Lair:5
    Orc (0/2) D:10

Altars:
Ashenzari
Cheibriados
Dithmenos
Elyvilon
Fedhas
Gozag
Hepliaklqana
Kikubaaqudgha
Makhleb
Nemelex Xobeh
Okawaru
Qazlal
Ru
Sif Muna
Trog
Uskayaw
Vehumet
Wu Jian
Xom
Yredelemnul
Zin
The Shining One
Jiyva

Shops:
D:4 }**([

Annotations:
D:11 3 runed doors
D:12 Sonja
Lair:2 exclusion: 2 oklob plants


Innate Abilities, Weirdness & Mutations

Your experience applies equally to all skills.
You have very sharp teeth.
Your uncanny sense of smell can sniff out nearby items.
You have sharp fingernails.
Your system is resistant to poisons. (rPois)
You are robust. (+10% HP)
Your spells are a little harder to cast, but a little more powerful.
You evolve.


Message History

The ball of steam misses you.
You hear a grinding noise.
Found a ration.
Found a runed hand crossbow.
Found a scroll of identify.
You hear a grinding noise.
You start to feel less resistant.
i - 2 scrolls of identify (gained 1)
A wretched star comes into view.
Your extra speed is starting to run out.
Your resistance to elements expires.
The wretched star glows turbulently.
The orb of energy misses you.
The wretched star moves out of view.
You feel yourself slow down.
A starcursed mass comes into view.
The ynoxinul gestures at you. The iron shot hits you!
You die...
Your body crumbles into a pile of gold.

#.....# #*#
##.#### ∆
##...#.#
#.#....#
###....#
###.###.#.#
#.......#
##@#.#...#
##.#.# .##
#.3#.##..#.
#.#X#....#.
.
#...#.....%
# .. . ..
.## . #. ..
.# #.


You could see a starcursed mass, a wretched star and a ynoxinul.

Vanquished Creatures
  2 entropy weavers
  A minotaur (Lab)
  A great orb of eyes (shapeshifter) (D:10)
  3 hydras
  The ghost of Maxmaps the Carver, a journeyman DsWn of Qazlal (D:11)
  A centaur warrior (D:9)
  3 two-headed ogres (D:10)
  A queen ant (Lair:5)
  6 death yaks
  Urug (D:12)
  The ghost of completeli the Ruffian, a novice TrWr (D:7)
  An orange crystal statue (D:11)
  An unseen horror (D:10)
  A deep elf archer (D:10)
  A glowing orange brain (shapeshifter) (D:10)
  3 ugly things
  3 cyclopes
  2 manticores
  4 black mambas
  6 elephants (Lair:3)
  A centaur zombie (D:11)
  Psyche (D:11)
  Maurice (D:8)
  A smoke demon (Abyss:1)
  5 spiny frogs
  A torpor snail (Lair:3)
  3 rime drakes
  7 komodo dragons
  A hellion (Abyss:1)
  An ancient zyme (Abyss:1)
  4 polar bears (Lair:6)
  A tengu conjurer (D:10)
  3 trolls
  A hornet (Lair:6)
  27 blink frogs
  9 hippogriffs
  5 dream sheep (Lair:6)
  A snapping turtle (Lair:2)
  10 spriggans (Lair:6)
  39 yaks
  A vampire (D:11)
  3 wyverns
  4 basilisks
  2 hungry ghosts
  4 hogs (D:9)
  A human (D:9)
  A steam dragon (D:11)
  A large abomination (Abyss:1)
  21 soldier ants
  15 water moccasins
  13 porcupines
  2 small abominations (Abyss:1)
  A sky beast (D:7)
  2 ice beasts
  2 orc warriors
  A phantom (D:5)
  An eye of draining (D:12)
  5 black bears
  4 ogres
  5 boggarts (Lair:6)
  55 wolves
  10 centaurs
  2 big kobolds
  9 crocodiles
  11 bullfrogs
  A water moccasin zombie (D:6)
  4 scorpions
  5 killer bees (D:7)
  9 wights
  5 howler monkeys
  An electric eel (Lair:2)
  9 crimson imps
  3 bullfrog zombies
  A quasit (D:10)
  10 hounds
  2 jellies (D:10)
  2 bullfrog skeletons
  3 orc priests
  2 centaur skeletons
  Jessica (D:2)
  4 iguanas
  Terence (D:3)
  10 orc wizards
  33 worker ants
  2 centaur simulacra
  A howler monkey zombie (D:11)
  3 worker ant zombies
  6 adders
  A howler monkey skeleton (D:10)
  5 shadow imps
  An ooze (D:3)
  4 adder skeletons
  4 adder zombies (D:4)
  4 worms
  4 dart slugs
  8 leopard geckos
  44 orcs
  4 bat skeletons (D:6)
  3 giant cockroaches
  7 goblins
  11 hobgoblins
  9 jackals
  19 kobolds
  9 quokkas
  11 bats
  2 frilled lizards (D:1)
  A leopard gecko zombie (D:4)
  A quokka zombie (D:6)
  8 rats
  2 fungi (Lair:5)
  4 plants
625 creatures vanquished.

Vanquished Creatures (others)
  22 fungi
  6 plants
  2 starspawn tentacles (Abyss:1)
30 creatures vanquished.

Grand Total: 655 creatures vanquished

Notes
Turn   | Place    | Note
-------+----------+-------------------------------------------
     0 | D:1      | wolfsongas the Gnoll Wanderer began the quest for the Orb.
     0 | D:1      | wolfsongas set off with: a +2 shortbow, 27 arrows, a +0 mace, a scroll of teleportation, a +0 robe, a ration
     0 | D:1      | Reached XP level 1. HP: 20/20 MP: 1/1
    85 | D:1      | Reached XP level 2. HP: 26/26 MP: 2/2
   373 | D:1      | Reached XP level 3. HP: 31/31 MP: 3/3
   487 | D:2      | Reached skill level 1 in Invocations
   528 | D:2      | Noticed Jessica
   529 | D:2      | Killed Jessica
   529 | D:2      | Reached skill level 1 in Short Blades
   529 | D:2      | Reached skill level 1 in Long Blades
   529 | D:2      | Reached skill level 1 in Axes
   529 | D:2      | Reached skill level 1 in Maces & Flails
   529 | D:2      | Reached skill level 1 in Polearms
   529 | D:2      | Reached skill level 1 in Staves
   529 | D:2      | Reached skill level 1 in Slings
   529 | D:2      | Reached skill level 1 in Crossbows
   529 | D:2      | Reached skill level 1 in Dodging
   529 | D:2      | Reached skill level 1 in Shields
   529 | D:2      | Reached skill level 1 in Unarmed Combat
   529 | D:2      | Reached skill level 1 in Spellcasting
   529 | D:2      | Reached skill level 1 in Evocations
   529 | D:2      | Reached XP level 4. HP: 38/38 MP: 5/5
   633 | D:2      | Gained mutation: Potions are less effective at restoring your health. [potion of mutation]
   633 | D:2      | Gained mutation: You are clumsy. (Dex -2) [potion of mutation]
   633 | D:2      | Gained mutation: You have supernaturally acute eyesight. (SInv) [potion of mutation]
   634 | D:2      | Lost mutation: Potions are less effective at restoring your health. [potion of mutation]
   634 | D:2      | Lost mutation: You are clumsy. (Dex -2) [potion of mutation]
   634 | D:2      | Gained mutation: You are clumsy. (Dex -2) [potion of mutation]
   634 | D:2      | Gained mutation: You are partially covered in large bone plates. (SH +4) [potion of mutation]
   634 | D:2      | Gained mutation: You are robust. (+10% HP) [potion of mutation]
   634 | D:2      | Gained mutation: Your mind is acute. (Int +2) [potion of mutation]
   653 | D:2      | Found a radiant altar of Vehumet.
   705 | D:2      | Reached skill level 1 in Conjurations
   705 | D:2      | Reached skill level 1 in Hexes
   705 | D:2      | Reached skill level 1 in Charms
   705 | D:2      | Reached skill level 1 in Summonings
   705 | D:2      | Reached skill level 1 in Necromancy
   705 | D:2      | Reached skill level 1 in Translocations
   705 | D:2      | Reached skill level 1 in Transmutations
   705 | D:2      | Reached skill level 1 in Fire Magic
   705 | D:2      | Reached skill level 1 in Ice Magic
   705 | D:2      | Reached skill level 1 in Air Magic
   705 | D:2      | Reached skill level 1 in Earth Magic
   705 | D:2      | Reached skill level 1 in Poison Magic
   718 | D:2      | Found a hazy altar of Hepliaklqana.
  1135 | D:3      | Reached XP level 5. HP: 47/47 MP: 5/7
  1735 | D:3      | Found a hide-covered altar of Uskayaw.
  1847 | D:3      | Noticed Terence
  1856 | D:3      | Killed Terence
  1971 | D:3      | Found a sparkling altar of Nemelex Xobeh.
  2081 | D:3      | Reached XP level 6. HP: 55/55 MP: 8/8
  2271 | D:4      | Found Husiem's Antique Armour Boutique.
  2522 | D:4      | Reached skill level 5 in Fighting
  2792 | D:4      | Lost mutation: You have supernaturally acute eyesight. (SInv) [potion of mutation]
  2792 | D:4      | Lost mutation: Your mind is acute. (Int +2) [potion of mutation]
  2792 | D:4      | Gained mutation: You can translocate small distances at will. [potion of mutation]
  2792 | D:4      | Gained mutation: Your spells are a little harder to cast, but a little more powerful. [potion of mutation]
  2843 | D:4      | Found Kuorch's Gadget Shoppe.
  2846 | D:4      | Found Nuthutij's General Store.
  3008 | D:4      | Found Suriun's Weapon Emporium.
  3182 | D:4      | Found Etuakam's Assorted Antiques.
  3191 | D:4      | Bought an iridescent long sword for 204 gold pieces
  3191 | D:4      | Identified the +9 long sword of Havoc {slice, +Rage rC+ MR- Str+8} (You bought it in a shop on level 4 of the Dungeon)
  3212 | D:4      | Reached XP level 7. HP: 39/61 MP: 10/10
  3508 | D:5      | Entered Level 5 of the Dungeon
  3527 | D:5      | Got a slimy ring mail
  3556 | D:5      | Identified the cursed +1 ring mail of Otikhen {Stlth+} (You found it on level 5 of the Dungeon)
  3697 | D:5      | Found a staircase to the Ecumenical Temple.
  3741 | Temple   | Entered the Ecumenical Temple
  3898 | D:5      | Reached XP level 8. HP: 39/69 MP: 12/12
  4590 | D:6      | Found a stormy altar of Qazlal.
  4781 | D:6      | Reached XP level 9. HP: 75/75 MP: 14/14
  4950 | Temple   | Became a worshipper of Gozag Ym Sagoz the Greedy
  5229 | D:6      | Found an ancient bone altar of Kikubaaqudgha.
  5463 | D:7      | Noticed completeli's ghost (novice TrWr)
  5503 | D:7      | Killed completeli's ghost
  5503 | D:7      | Reached skill level 5 in Throwing
  5699 | D:7      | Reached skill level 5 in Stealth
  6349 | D:7      | Reached skill level 5 in Invocations
  6468 | D:8      | Noticed Maurice
  6474 | D:8      | Killed Maurice
  6474 | D:8      | Reached XP level 10. HP: 84/84 MP: 15/17
  7256 | D:8      | Reached skill level 5 in Short Blades
  7256 | D:8      | Reached skill level 5 in Long Blades
  7256 | D:8      | Reached skill level 5 in Axes
  7256 | D:8      | Reached skill level 5 in Maces & Flails
  7256 | D:8      | Reached skill level 5 in Polearms
  7256 | D:8      | Reached skill level 5 in Staves
  7256 | D:8      | Reached skill level 5 in Slings
  7256 | D:8      | Reached skill level 5 in Crossbows
  7256 | D:8      | Reached skill level 5 in Dodging
  7256 | D:8      | Reached skill level 5 in Shields
  7256 | D:8      | Reached skill level 5 in Unarmed Combat
  7256 | D:8      | Reached skill level 5 in Spellcasting
  7256 | D:8      | Reached skill level 5 in Evocations
  7439 | D:9      | Noticed a manticore
  7450 | D:9      | Killed a manticore
  7627 | D:9      | Noticed a centaur warrior
  7644 | D:9      | Killed a centaur warrior
  7782 | D:9      | Found a glowing golden altar of the Shining One.
  7794 | D:9      | Noticed a cyclops
  7801 | D:9      | Killed a cyclops
  7853 | D:9      | Reached XP level 11. HP: 51/92 MP: 19/19
  7859 | D:9      | Found a staircase to the Lair.
  7955 | D:9      | Found a bloodstained altar of Trog.
  8347 | D:9      | Found a deep blue altar of Sif Muna.
  8654 | D:10     | Entered Level 10 of the Dungeon
  8905 | D:10     | Reached skill level 5 in Conjurations
  8905 | D:10     | Reached skill level 5 in Hexes
  8905 | D:10     | Reached skill level 5 in Charms
  8905 | D:10     | Reached skill level 5 in Summonings
  8905 | D:10     | Reached skill level 5 in Necromancy
  8905 | D:10     | Reached skill level 5 in Translocations
  8905 | D:10     | Reached skill level 5 in Transmutations
  8905 | D:10     | Reached skill level 5 in Fire Magic
  8905 | D:10     | Reached skill level 5 in Ice Magic
  8905 | D:10     | Reached skill level 5 in Air Magic
  8905 | D:10     | Reached skill level 5 in Earth Magic
  8905 | D:10     | Reached skill level 5 in Poison Magic
  8964 | D:10     | Noticed a two-headed ogre
  8968 | D:10     | Noticed a two-headed ogre
  8972 | D:10     | Killed a two-headed ogre
  8976 | D:10     | Killed a two-headed ogre
  8986 | D:10     | Got a pair of pitted boots
  9026 | D:10     | Noticed a deep elf archer
  9053 | D:10     | Killed a deep elf archer
  9156 | D:10     | Identified the +1 pair of boots of the Komodo Dragon {rElec} (You found it on level 10 of the Dungeon)
  9220 | D:10     | Killed an unseen horror
  9568 | D:10     | Noticed a shining eye
  9716 | D:10     | Noticed a glowing orange brain
  9735 | D:10     | Killed a glowing orange brain
  9804 | D:10     | Noticed a great orb of eyes
  9816 | D:10     | Killed a great orb of eyes
  9816 | D:10     | Reached XP level 12. HP: 49/102 MP: 20/22
 10047 | D:10     | Noticed a two-headed ogre
 10058 | D:10     | Killed a two-headed ogre
 10149 | D:10     | Found a staircase to the Orcish Mines.
 10688 | D:11     | Noticed Maxmaps's ghost (journeyman DsWn)
 10826 | D:11     | Noticed Psyche
 10903 | D:11     | Killed Psyche
 11223 | D:11     | Found a runed door.
 11593 | D:11     | Found a runed door.
 11607 | D:11     | Found a runed door.
 11624 | D:11     | Noticed a two-headed ogre
 11656 | D:11     | Found a runed door.
 11710 | D:11     | Killed Maxmaps's ghost
 11983 | D:12     | Noticed Urug
 12098 | Lair:1   | Entered Level 1 of the Lair of Beasts
 12761 | Lair:2   | Reached skill level 10 in Bows
 12761 | Lair:2   | Reached skill level 10 in Armour
 12908 | Lair:2   | Found a staircase to the Shoals.
 13543 | Lair:3   | Reached XP level 13. HP: 111/111 MP: 24/24
 13722 | Lair:3   | Found a labyrinth entrance.
 13848 | Lab      | Entered a labyrinth
 14671 | Lab      | Noticed a minotaur
 14684 | Lab      | Killed a minotaur
 14686 | Lab      | Got a sparkling brass ring
 14690 | Lab      | Got a faintly glowing granite ring
 14698 | Lab      | Identified the Volume of the Fifty Beggars
 14703 | Lab      | Identified the cursed ring of Yesterday {rPois MR++ Int-2} (You took it off a minotaur in a labyrinth)
 14704 | Lab      | Identified the ring "Qatut" {Int+3 Dex+4 Slay+2} (You found it in a labyrinth)
 15282 | Lair:3   | Lost mutation: You are clumsy. (Dex -2) [potion of mutation]
 15282 | Lair:3   | Lost mutation: You can translocate small distances at will. [potion of mutation]
 15282 | Lair:3   | Lost mutation: You are partially covered in large bone plates. (SH +4) [potion of mutation]
 15282 | Lair:3   | Gained mutation: You evolve. [potion of mutation]
 15282 | Lair:3   | Gained mutation: Your system is resistant to poisons. (rPois) [potion of mutation]
 15282 | Lair:3   | Gained mutation: You have sharp fingernails. [potion of mutation]
 16109 | Lair:4   | Gained mutation: You have sharp toenails. [evolution]
 16113 | Lair:4   | Found a hole to the Spider Nest.
 16283 | Lair:4   | Identified a scroll of acquirement
 16450 | Lair:4   | Got a translucent great mace
 17327 | Lair:5   | Found a staircase to the Slime Pits.
 17327 | Lair:5   | Found a viscous altar of Jiyva.
 17368 | Lair:5   | Got a brightly glowing iron ring
 17470 | Lair:5   | Reached XP level 14. HP: 60/119 MP: 26/26
 17883 | Lair:5   | Noticed an entropy weaver
 17884 | Lair:5   | Noticed an entropy weaver
 18132 | Lair:5   | Killed an entropy weaver
 18132 | Lair:5   | Reached skill level 10 in Fighting
 18628 | Lair:4   | Killed an entropy weaver
 18856 | Lair:5   | Found the +9 heavy crossbow "Sniper" {velocity, Acc+∞ SInv}
 18988 | Lair:5   | Identified the ring of Exkasat {rN++ Dex+6} (You found it on level 5 of the Lair of Beasts)
 19021 | Lair:6   | Entered Level 6 of the Lair of Beasts
 19840 | Lair:6   | Reached skill level 10 in Invocations
 21927 | Lair:6   | Reached XP level 15. HP: 124/128 MP: 28/28
 22445 | D:12     | Killed Urug
 22498 | D:12     | Reached skill level 10 in Throwing
 22664 | D:12     | Noticed Sonja
 22667 | D:12     | Cast into level 1 of the Abyss (Sonja)
 22847 | Abyss:1  | Gained mutation: You rapidly evolve. [evolution]
 22847 | Abyss:1  | Lost mutation: You rapidly evolve. [decline of evolution]
 22981 | Abyss:1  | Noticed a tentacled starspawn
 22988 | Abyss:1  | Noticed a tentacled starspawn
 22993 | Abyss:1  | Found a bloodstained altar of Trog.
 23058 | Abyss:1  | Reached skill level 10 in Stealth
 23168 | Abyss:1  | Noticed a balrug
 23210 | Abyss:1  | Noticed a cacodemon
 23210 | Abyss:1  | Lost mutation: You have sharp toenails. [a cacodemon]
 23268 | Abyss:1  | Noticed a tentacled starspawn
 23276 | Abyss:1  | Killed from afar by a ynoxinul

Vault maps used:
D:1:      minmay_arrival_plants_in_alcoves, minmay_pentomino_w4
D:2:      vehumet_crystals, nicolae_overflow_crystal_walls, uniq_jessica
D:3:      nemelex_xobeh_ov_fountains_minmay, overflow_temple_1_default,
          first_ration, kennysheep_generic_room_15, uniq_terence
D:4:      serial_undead, serial_undead_d, serial_undead_d, serial_undead_e,
          serial_undead_c, serial_shops, nicolae_shop_trees, nicolae_shop_trees,
          nicolae_shop_temple_entry_statues_fountains, shop, nicolae_shop_stone
D:5:      minmay_temple_entry_hall
D:6:      grunt_qazlal_clouds, kennysheep_vampire_church
D:8:      uniq_maurice
D:9:      minmay_cornered_nines, kennysheep_mini,
          grunt_lair_entry_orc_guard_hut, basic_altar, grunt_livestock,
          minmay_misc_feat_rows, trog_three_pillars_becter
D:10:     minmay_the_grid_plus_closed
D:11:     kennysheep_another_room, minmay_statue_crystal_thing, uniq_psyche
D:12:     kennysheep_six_static_rooms, uniq_urug, uniq_sonja
Temple:   minmay_freezing_vapour_temple
Lair:2:   minmay_shoals_entry_hut, st_stairs_8, grunt_megastairs_2,
          minmay_lair_oklob_chamber, lemuel_fruit_tree
Lair:3:   lab_entry_generic, st_stairs_8, grunt_megastairs_3
Lair:4:   spider_nest_entry_web_field
Lair:5:   slime_altar_1, zaba_anthell
Lair:6:   minmay_lair_end_enchanted_forest, st_stairs_10, minivault_24,
          minivault_23, grunt_forest_large_clearings
Lab:      nicolae_lab_dead_adventurers

Skill      XL: |  1  2  3  4  5  6  7  8  9 10 11 12 13 14 15 |
---------------+----------------------------------------------+-----
Invocations    | 1 2 3 4 5 6 7 8 9 10 | 10.5
Short Blades   | 1 2 3 4 5 6 7 8 9 |  9.6
Long Blades    | 1 2 3 4 5 6 7 8 9 |  9.6
Axes           | 1 2 3 4 5 6 7 8 9 |  9.6
Maces & Flails | 1 2 3 4 5 6 7 8 9 |  9.6
Polearms       | 1 2 3 4 5 6 7 8 9 |  9.6
Staves         | 1 2 3 4 5 6 7 8 9 |  9.6
Slings         | 1 2 3 4 5 6 7 8 9 |  9.6
Crossbows      | 1 2 3 4 5 6 7 8 9 |  9.6
Dodging        | 1 2 3 4 5 6 7 8 9 |  9.6
Shields        | 1 2 3 4 5 6 7 8 9 |  9.6
Unarmed Combat | 1 2 3 4 5 6 7 8 9 |  9.6
Spellcasting   | 1 2 3 4 5 6 7 8 9 |  9.6
Evocations     | 1 2 3 4 5 6 7 8 9 |  9.6
Conjurations   | 1 2 3 4 5 6 7 8 |  8.1
Hexes          | 1 2 3 4 5 6 7 8 |  8.1
Charms         | 1 2 3 4 5 6 7 8 |  8.1
Summonings     | 1 2 3 4 5 6 7 8 |  8.1
Necromancy     | 1 2 3 4 5 6 7 8 |  8.1
Translocations | 1 2 3 4 5 6 7 8 |  8.1
Transmutations | 1 2 3 4 5 6 7 8 |  8.1
Fire Magic     | 1 2 3 4 5 6 7 8 |  8.1
Ice Magic      | 1 2 3 4 5 6 7 8 |  8.1
Air Magic      | 1 2 3 4 5 6 7 8 |  8.1
Earth Magic    | 1 2 3 4 5 6 7 8 |  8.1
Poison Magic   | 1 2 3 4 5 6 7 8 |  8.1
Throwing       | 3 4 5 6 7 8 9 10 | 10.0
Stealth        | 3 4 5 6 7 8 9 10 | 10.0
Fighting       | 5 6 7 8 9 10 | 10.6
Bows           | 7 8 9 10 11 | 11.5
Armour         | 7 8 9 10 11 | 11.5

Action                   |  1- 3 |  4- 6 |  7- 9 | 10-12 | 13-15 || total
-------------------------+-------+-------+-------+-------+-------++-------
Melee: Mace              |       |    36 |       |       |       ||    36
       Punch             |       |     2 |       |       |       ||     2
       Dagger            |       |   158 |       |       |       ||   158
       Bite              |       |    15 |    15 |   105 |   148 ||   283
       Long sword        |       |     5 |   200 |   531 |    38 ||   774
       Executioner's axe |       |       |       |       |   967 ||   967
 Fire: Shortbow          |    67 |    44 |       |       |       ||   111
Invok: Potion Petition   |       |       |       |     2 |     4 ||     6
Evoke: Wand              |       |       |       |     1 |    21 ||    22
  Use: Scroll            |     4 |     6 |     5 |     8 |    28 ||    51
       Potion            |       |    10 |     7 |     6 |     8 ||    31
 Stab: Sleeping          |       |     2 |    12 |    11 |     1 ||    26
       Distracted        |       |       |     1 |     7 |    14 ||    22
       Invisible         |       |       |       |     3 |       ||     3
  Eat: Chunk             |       |     4 |     3 |       |       ||     7
       Ration            |       |     1 |     3 |     7 |    10 ||    21
Armor: Robe              |     5 |     7 |       |       |       ||    12
       Skin              |       |    24 |       |       |       ||    24
       Ring mail         |       |    18 |    83 |   201 |    10 ||   312
       Crystal plate arm |       |       |       |       |  1539 ||  1539
Dodge: Dodged            |     7 |   108 |    96 |   290 |   605 ||  1106
Block: Other             |       |    16 |       |       |   142 ||   158
       Buckler           |       |    46 |   112 |   228 |    27 ||   413
       Reflection        |       |       |     1 |     6 |     3 ||    10
       Rpst.: Long sword |       |       |    31 |    83 |     5 ||   119

Table legend:
 A = Spawn XP
 B = Non-spawn XP
 C = Spawn XP percentage of total XP
 D = Spawn monster count
 E = Non-spawn monster count
 F = Spawn count percentage of total count
 G = Total turns spent on level
                    A         B        C        D         E        F      G
               +---------+---------+-------+---------+---------+-------+---------
         Total |    1146 |   91762 |   1.2 |       6 |     613 |   1.0 | 23276
               +---------+---------+-------+---------+---------+-------+---------
           D:1 |       0 |      41 |   0.0 |       0 |      22 |   0.0 |   447
           D:2 |       0 |     105 |   0.0 |       0 |      19 |   0.0 |   664
           D:3 |       0 |     174 |   0.0 |       0 |      40 |   0.0 |  1159
           D:4 |       0 |     310 |   0.0 |       0 |      17 |   0.0 |  1238
           D:5 |       0 |     867 |   0.0 |       0 |      29 |   0.0 |   954
           D:6 |       0 |     998 |   0.0 |       0 |      32 |   0.0 |   845
           D:7 |       0 |    1935 |   0.0 |       0 |      19 |   0.0 |  1109
           D:8 |       0 |    1211 |   0.0 |       0 |      20 |   0.0 |   995
           D:9 |       0 |    4627 |   0.0 |       0 |      40 |   0.0 |  1280
          D:10 |       0 |    9851 |   0.0 |       0 |      45 |   0.0 |  2289
          D:11 |       0 |    5023 |   0.0 |       0 |      27 |   0.0 |  1087
          D:12 |       0 |    4883 |   0.0 |       0 |      25 |   0.0 |   543
        Lair:1 |       0 |    2606 |   0.0 |       0 |      14 |   0.0 |   656
        Lair:2 |       0 |    3291 |   0.0 |       0 |      15 |   0.0 |   778
        Lair:3 |       0 |   10765 |   0.0 |       0 |      37 |   0.0 |  1498
        Lair:4 |       0 |    4832 |   0.0 |       0 |      16 |   0.0 |  1365
        Lair:5 |       0 |   16684 |   0.0 |       0 |      91 |   0.0 |  2071
        Lair:6 |       0 |   22001 |   0.0 |       0 |     103 |   0.0 |  2761
       Abyss:1 |    1146 |     327 |  77.8 |       6 |       1 |  85.7 |   609
           Lab |       0 |    1231 |   0.0 |       0 |       1 |   0.0 |   903
               +---------+---------+-------+---------+---------+-------+---------
